 Dungeon Crawl Stone Soup version 0.27.1 (webtiles) character file.

Game seed: 9680846720911985132

18 WimpyRanger the Slasher (level 2, 0/25 HPs)
             Began as a Palentonga Chaos Knight on Aug 27, 2021.
             Was a Plaything of Xom.
             Succumbed to a water moccasin's poison
             ... on level 1 of the Dungeon.
             The game lasted 00:01:31 (400 turns).

WimpyRanger the Slasher (Palentonga Chaos Knight)    Turns: 400, Time: 00:01:32

Health: 0/25       AC:  6    Str: 15    XL:     2   Next: 48%
Magic:  2/2        EV:  9    Int: 12    God:    Xom [.*....]
Gold:   41         SH:  0    Dex:  9    Spells: 1/1 levels left

rFire    . . .     SeeInvis +   a - +0 falchion (chaos)
rCold    . . .     Faith    .   (no shield)
rNeg     . . .     Spirit   .   b - +2 leather armour
rPois    .         Reflect  .   (no helmet)
rElec    .         Harm     .   (no cloak)
rCorr    .         Rampage  .   (no gloves)
Will     .....                  (no barding)
Stlth    +.........             (no amulet)
HPRegen  0.08/turn              (no ring)
MPRegen  0.08/turn              (no ring)

@: lethally poisoned (0 -> -2)
A: large, rugged brown scales 3, see invisible, deformed body, roll 1, armoured
tail
a: Rolling Charge, Renounce Religion


You were on level 1 of the Dungeon.
You worshipped Xom.
You were a plaything of Xom.
You visited 1 branch of the dungeon, and saw 1 of its levels.

You collected 41 gold pieces.

Inventory:

Hand Weapons
 a - a +0 falchion of chaos (weapon)
Armour
 b - a +2 leather armour (worn)
Potions
 c - a potion of berserk rage {unknown}
 d - a potion of haste {unknown}


   Skills:
 - Level 3.0 Fighting
 + Level 3.6 Long Blades
 * Level 2.0 Armour
 - Level 0.7 Dodging


You had one spell level left.
You didn't know any spells.
Your spell library was empty.

Dungeon Overview and Level Annotations

Branches:
Dungeon (1/15)

Altars:


Innate Abilities, Weirdness & Mutations

You are completely covered in rugged brown scales. (AC +3, +7% HP)
You have supernaturally acute eyesight. (SInv)
Armour fits poorly on your strangely shaped body.
You can roll at nearby foes to attack.
You have a long armoured tail.


Message History

You freeze the water moccasin.
The water moccasin is lightly wounded.
A harpy comes into view.
The water moccasin bites you.
You barely miss the water moccasin.
The harpy screeches!
Your tail-slap misses the water moccasin.
The water moccasin is lightly wounded.
The water moccasin bites you!
You are lethally poisoned!
The water moccasin poisons you!
You slash the water moccasin!
The water moccasin appears confused.
The water moccasin is moderately wounded.
You feel very sick.
The harpy changes into a cane toad!
You emit a cloud of colourful smoke!
You feel very sick.
Unknown command.
* * * LOW HITPOINT WARNING * * *
You feel sick.
There is a lethal amount of poison in your body!
Unknown command.
There is a lethal amount of poison in your body!
You are too injured to fight recklessly!
You are too injured to fight recklessly!
You are too injured to fight recklessly!
* * * LOW HITPOINT WARNING * * *
You feel sick.
The water moccasin is no longer moving slowly.
* * * LOW HITPOINT WARNING * * *
You feel sick.
* * * LOW HITPOINT WARNING * * *
You feel sick.
Xom makes a sudden noise!
You hear the chiming of a distant gong.
* * * LOW HITPOINT WARNING * * *
You feel sick.
* * * LOW HITPOINT WARNING * * *
You feel sick.
You die...
Xom chortles!

≈§≈...##...≈≈≈≈.....###...#..)...
§§≈≈......≈≈≈≈≈≈....# #...#......
≈≈≈≈..<>..≈≈≈≈≈≈....###...#......
≈≈≈≈......≈≈≈≈≈≈....##...........
≈≈≈..####..≈≈≈≈.....##...........
....## ##......######...........
....# #.####..................
###.## ##.# #.......S..........
#..####..# #.@..F..☼§§....###.
##......#####.....########## .
######...........# #######.....#
#.....# #.....# #.....# #.....#
#######


You could see a cane toad shaped shifter and a water moccasin (confused).

Vanquished Creatures
  A ball python (D:1)
  2 endoplasms (D:1)
  2 goblins (D:1)
  A hobgoblin (D:1)
  4 jackals (D:1)
  A kobold (D:1)
  3 frilled lizards (D:1)
  2 rats (D:1)
16 creatures vanquished.

Notes
Turn   | Place    | Note
-------+----------+-------------------------------------------
     0 | D:1      | WimpyRanger the Palentonga Chaos Knight began the quest for
                  | the Orb.
     0 | D:1      | Reached XP level 1. HP: 19/19 MP: 1/1
    79 | D:1      | Reached XP level 2. HP: 24/25 MP: 2/2
   199 | D:1      | XOM: divination: detect items
   334 | D:1      | Noticed a shapeshifter
   334 | D:1      | a hobgoblin changed into a shapeshifter
   334 | D:1      | Noticed a human
   334 | D:1      | a shapeshifter changed into a human
   340 | D:1      | XOM: 4-stop teleportation journey
   386 | D:1      | Noticed a water moccasin
   390 | D:1      | Noticed a harpy
   392 | D:1      | Noticed a cane toad
   392 | D:1      | a harpy changed into a cane toad
   393 | D:1      | XOM: smoke on damage
   397 | D:1      | XOM: noise
   399 | D:1      | HP: 1/25 [poisoned by a water moccasin]
   400 | D:1      | Succumbed to a water moccasin's poison

Illustrated notes

Levels and vault maps discovered:
D:1:      dpeg_arrival_pits, layout_basic

Skill      XL: |  1  2 |
---------------+-------+-----
Armour         | 2 |  2.0
Fighting       | |  3.0
Long Blades    | |  3.6
Dodging        | |  0.7

Action                   || total
-------------------------++-------
Melee: Falchion          ||    45
       Tailslap          ||     2
Armor: Leather armour    ||    20
Dodge: Dodged            ||    18
       Rpst.: Falchion   ||     6
